 Dungeon Crawl Stone Soup version 0.17-a0-1882-g750edc8 (webtiles) character file.

60879 Melk the Swashbuckler (level 15, -9/97 HPs)
             Began as a Kobold Berserker on Sept 21, 2015.
             Was a High Priest of Trog.
             Killed from afar by a starcursed mass (17 damage)
             ... with an accursed screaming
             ... while paralysed by accursed screaming
             ... on level 1 of the Abyss on Sept 22, 2015.
             The game lasted 02:04:52 (28663 turns).

Melk the Swashbuckler (Kobold Berserker)           Turns: 28663, Time: 02:04:52

Health: -9/97      AC: 22    Str: 20    XL:     15   Next: 39%
Magic:  15/15      EV:  0    Int:  8    God:    Trog [*****.]
Gold:   1378       SH:  0    Dex: 18    Spells: 0 memorised, 14 levels left

rFire  + . .     SeeInvis .     f - +3 quick blade
rCold  . . .     Clarity  .     w - +4 plate armour
rNeg   . . .     SustAt   .     p - +0 shield
rPois  +         Gourm    .     L - +0 hat {Int+3}
rElec  .         Spirit   .     j - +0 cloak
rCorr  .         Warding  .     k - +0 pair of gloves
rMut   .         Stasis   .     m - +0 pair of boots
MR     ++...                    S - amulet of faith
Stlth  ..........               z - ring of protection from magic
                                y - ring of poison resistance

@: paralysed, exhausted, slowed, constricted, very resistant to hostile
enchantments, extremely unstealthy
A: carnivore 3, fire resistance 1, screaming 1
a: Burn Spellbooks, Berserk, Trog's Hand, Brothers in Arms, Renounce Religion


You were on level 1 of the Abyss.
You worshipped Trog.
Trog was extremely pleased with you.
You were full.

You visited 3 branches of the dungeon, and saw 22 of its levels.
You visited the Abyss 1 time.

You collected 1378 gold pieces.

Inventory:

Hand weapons
 f - a +3 quick blade (weapon)
 g - a +4 quarterstaff of chaos
 s - a +5 rapier of speed
 V - a +3 antimagic short sword
Missiles
 r - 3 tomahawks (quivered)
 v - 25 tomahawks of returning
 A - 38 stones
Armour
 j - a +0 cloak (worn)
 k - a +0 pair of gloves (worn)
 m - a +0 pair of boots (worn)
 p - a +0 shield (worn)
 w - a +4 plate armour (worn)
 L - a +0 hat of intelligence (worn)
Jewellery
 y - a ring of poison resistance (left hand)
 z - a ring of protection from magic (right hand)
 M - an uncursed ring of positive energy
 O - an uncursed ring of sustain attributes
 P - an uncursed ring of ice
 S - an amulet of faith (around neck)
 T - an uncursed ring of invisibility
Magical devices
 n - a wand of polymorph (14)
 o - a wand of fire (7)
 u - a wand of random effects (17)
 x - a wand of cold (2)
 B - a wand of slowing (21)
 D - a wand of cold (9)
 F - a wand of paralysis (8)
 J - a wand of polymorph (14)
 Q - a wand of digging (9)
 R - a wand of lightning (5)
 W - a wand of polymorph (6)
 Z - a wand of random effects (15)
Scrolls
 a - a scroll of recharging
 b - 11 scrolls of remove curse
 l - 4 scrolls of teleportation
 X - a scroll of fear
Potions
 h - 2 potions of cure mutation
 i - a potion of berserk rage
 q - 3 potions of flight
 t - 2 potions of brilliance
 G - a potion of agility
 H - a potion of haste
 I - 2 potions of resistance
 K - 3 potions of heal wounds
 U - 4 potions of curing
 Y - 3 potions of might
Miscellaneous
 e - a fan of gales
 N - a lantern of shadows
Comestibles
 c - 8 meat rations
 d - 7 royal jellies
 E - 3 beef jerkies


   Skills:
 + Level 12.8 Fighting
 * Level 19.1 Short Blades
   Level 4.8(5.5) Maces & Flails
 - Level 3.6(4.6) Staves
 + Level 14.5 Throwing
 + Level 9.6 Armour
 - Level 3.4 Dodging
 - Level 0.4 Stealth
 + Level 0.2 Evocations


You had 14 spell levels left.
You didn't know any spells.

Dungeon Overview and Level Annotations

Branches:
Dungeon (13/15)            Temple (0/1) D:4            Lair (8/8) D:10
  Swamp (0/4) Lair:5       Spider (1/4) Lair:4        Slime (0/6) Lair:8
    Orc (0/4) D:12
 Vaults: D:13-14

Altars:
Ashenzari
Dithmenos
Fedhas
Kikubaaqudgha
Okawaru
Ru
Sif Muna
Zin
The Shining One
Jiyva

Shops:
D:5 !   D:7 %

Annotations:
D:13 Sonja
Lair:6 exclusion: oklob plant


Innate Abilities, Weirdness & Mutations

You are small and have problems with some larger weapons.
You are carnivorous and can eat meat at any time.
Your flesh is heat resistant.
You occasionally shout uncontrollably at your foes.


Message History

The starcursed mass engulfs you but does no damage.
The starspawn tentacle constricts you.
The starcursed mass engulfs you but does no damage.
The tentacled starspawn bites you. The tentacled starspawn engulfs you.
* * * LOW HITPOINT WARNING * * *
A starcursed mass splits.
The starcursed mass engulfs you.
* * * LOW HITPOINT WARNING * * *
The starcursed mass engulfs you but does no damage.
The starspawn tentacle constricts you.
The starcursed mass engulfs you but does no damage.
The starcursed mass engulfs you but does no damage.
The tentacled starspawn bites you.
* * * LOW HITPOINT WARNING * * *
The tentacled starspawn engulfs you!
* * * LOW HITPOINT WARNING * * *
The starcursed mass engulfs you but does no damage.
The starcursed mass engulfs you.
* * * LOW HITPOINT WARNING * * *
A cacophony of accursed wailing tears at your sanity!
You die...

... ..(§ ...
...###..§###...
....#...(.#....
........§......
........§...... ..
......§.... ....
#..XR. . #..
###.wX###.. ..
..#.XX@w#...
.......XXXX......
........XX3......
........X..........
.....#.....#.....
...###...###...#
... .....#..... ..
........ ... .
...... ... .......


You could see 10 starcursed masses, a tentacled starspawn, an efreet, a chaos
spawn and 2 starspawn tentacles.

Vanquished Creatures
  Gastronok (D:9)
  Maud (D:12)
  Snorg (Lair:3)
  Erolcha (D:9)
  5 hydras
  6 death yaks
  4 hill giants
  5 ugly things
  3 griffons
  An orb spider (Lair:4)
  15 elephants
  6 black mambas
  A gargoyle (D:9)
  A torpor snail (Lair:6)
  A centaur skeleton (D:12)
  Psyche (D:9)
  3 kobold demonologists
  11 komodo dragons
  8 spiny frogs
  2 fire drakes
  3 trolls
  A jumping spider (Lair:4)
  2 giant leeches
  2 polar bears
  Grinder (D:3)
  A queen bee (D:8)
  5 blink frogs (Lair:1)
  A wyvern (Lair:2)
  A redback (Lair:4)
  A trapdoor spider (D:13)
  A wraith (D:11)
  36 yaks
  3 hippogriffs
  3 basilisks
  4 wargs (D:12)
  A deep elf mage (D:11)
  A hungry ghost (D:12)
  22 wolves
  Edmund (D:5)
  A swamp worm (Lair:5)
  10 water moccasins
  A necrophage (D:9)
  3 orc warriors
  11 porcupines
  A black bear (Lair:8)
  3 sky beasts
  A wasp (D:11)
  7 ogres
  An ice beast (D:7)
  An eye of draining (D:12)
  8 centaurs
  Blork the orc (D:5)
  15 crocodiles
  14 giant frogs
  A small abomination (Abyss:1)
  2 big kobolds
  A wyvern zombie (D:10)
  2 gnoll sergeants
  A water moccasin zombie (D:8)
  26 killer bees
  8 scorpions
  8 wights
  A jelly (D:10)
  6 crimson imps
  A centaur zombie (D:12)
  2 orc priests
  9 hounds
  2 giant frog skeletons
  Crazy Yiuf (D:3)
  3 giant frog zombies
  11 iguanas
  Terence (D:2)
  5 worker ants
  15 orc wizards
  24 sheep
  A hound skeleton (D:5)
  A hound zombie (D:5)
  A mummy (D:6)
  14 gnolls
  12 adders
  5 shadow imps
  56 river rats
  An adder zombie (D:6)
  A worm (D:6)
  6 giant geckos
  57 orcs
  2 giant cockroaches
  3 goblins
  12 hobgoblins
  18 jackals
  11 kobolds
  2 quokkas
  2 ball pythons
  5 bats
  4 giant newts
  A goblin zombie (D:6)
  A hobgoblin zombie (D:6)
  8 rats
  A fungus (Lair:4)
  2 plants
602 creatures vanquished.

Vanquished Creatures (collateral kills)
  A hydra (Lair:8)
  The ghost of Sagrath01 the Archer, a powerful HEWr of Okawaru (Lair:4)
  A catoblepas (Lair:8)
  4 death yaks (Lair:8)
  A deep troll shaman (Lair:8)
  5 elephants
  A jumping spider (Lair:4)
  2 redbacks (Lair:4)
  A yak (D:10)
  A porcupine (Lair:5)
  A water moccasin (Lair:3)
  2 giant frogs
  2 gnolls (D:10)
  An orc (D:10)
24 creatures vanquished.

Vanquished Creatures (others)
  A sky beast (D:10)
  A wyvern zombie (D:9)
  17 fungi
  9 plants
28 creatures vanquished.

Grand Total: 654 creatures vanquished

Notes
Turn   | Place    | Note
--------------------------------------------------------------
     0 | D:1      | Melk the Kobold Berserker began the quest for the Orb.
     0 | D:1      | Reached XP level 1. HP: 14/14 MP: 1/1
   141 | D:1      | Reached XP level 2. HP: 19/19 MP: 2/2
   435 | D:1      | Reached skill level 4 in Fighting
   435 | D:1      | Reached XP level 3. HP: 10/24 MP: 3/3
  1097 | D:2      | Found a glowing golden altar of the Shining One.
  1161 | D:2      | Noticed Terence
  1169 | D:2      | Killed Terence
  1169 | D:2      | Acquired Trog's second power
  1169 | D:2      | Reached XP level 4. HP: 29/29 MP: 4/4
  1745 | D:3      | Found an ancient bone altar of Kikubaaqudgha.
  1749 | D:3      | Found a blossoming altar of Fedhas.
  1931 | D:3      | Found a deep blue altar of Sif Muna.
  2140 | D:3      | Noticed Grinder
  2151 | D:3      | Paralysed by Grinder for 2 turns
  2155 | D:3      | Killed Grinder
  2155 | D:3      | Reached skill level 5 in Fighting
  2155 | D:3      | Reached XP level 5. HP: 35/35 MP: 5/5
  2155 | D:3      | Reached XP level 6. HP: 40/40 MP: 6/6
  2304 | D:3      | Noticed Crazy Yiuf
  2308 | D:3      | Killed Crazy Yiuf
  2737 | D:4      | Found a staircase to the Ecumenical Temple.
  3102 | D:4      | Reached XP level 7. HP: 42/45 MP: 7/7
  3104 | D:4      | Reached skill level 1 in Staves
  3358 | D:4      | Reached skill level 6 in Fighting
  4080 | D:4      | Found a glowing silver altar of Zin.
  4080 | D:4      | Noticed an angel
  4577 | D:5      | Entered Level 5 of the Dungeon
  4661 | D:5      | Reached XP level 8. HP: 52/52 MP: 8/8
  4711 | D:5      | Noticed Blork the orc
  4719 | D:5      | Killed Blork the orc
  5174 | D:5      | Noticed Edmund
  5181 | D:5      | Killed Edmund
  5181 | D:5      | Reached skill level 7 in Fighting
  5256 | D:5      | Reached skill level 5 in Throwing
  5398 | D:5      | Found Wyttowux's Distillery.
  5534 | D:5      | Found an iron altar of Okawaru.
  6071 | D:6      | Reached skill level 1 in Short Blades
  6264 | D:6      | Reached XP level 9. HP: 24/58 MP: 9/9
  6654 | D:6      | Found a shattered altar of Ashenzari.
  6684 | D:6      | Acquired Trog's third power
  6813 | D:6      | Gained mutation: You occasionally shout uncontrollably at your foes. [mutagenic meat]
  6814 | D:6      | Gained mutation: Your flesh is heat resistant. [mutagenic meat]
  6818 | D:6      | Reached skill level 8 in Fighting
  7051 | D:6      | Received a gift from Trog
  7740 | D:7      | Reached skill level 5 in Short Blades
  8024 | D:7      | Identified a scroll of acquirement
  8138 | D:7      | Found a shadowy altar of Dithmenos.
  8358 | D:7      | Found Notitir's Food Boutique.
  8670 | D:8      | Reached XP level 10. HP: 65/65 MP: 10/10
  9127 | D:8      | Noticed a queen bee
  9139 | D:8      | Killed a queen bee
  9139 | D:8      | Reached skill level 9 in Fighting
  9733 | D:8      | Received a gift from Trog
  9933 | D:8      | Found a shattered altar of Ashenzari.
  9933 | D:8      | Found a sacrificial altar of Ru.
 10023 | D:8      | Reached skill level 5 in Armour
 10356 | D:9      | Noticed Erolcha
 10375 | D:9      | Killed Erolcha
 10764 | D:9      | Noticed Psyche
 10774 | D:9      | Killed Psyche
 10774 | D:9      | Reached XP level 11. HP: 71/71 MP: 11/11
 10792 | D:9      | Noticed Gastronok
 10809 | D:9      | You fall through a shaft for 3 floors!
 10809 | D:12     | Noticed Maud
 10809 | D:12     | Noticed a green ugly thing
 10905 | D:10     | Entered Level 10 of the Dungeon
 10955 | D:10     | Noticed a six-headed hydra
 10983 | D:9      | Reached skill level 10 in Short Blades
 11197 | D:9      | Killed Gastronok
 11341 | D:9      | Reached skill level 11 in Short Blades
 11473 | D:10     | Reached skill level 10 in Throwing
 11941 | D:10     | Killed a six-headed hydra
 11941 | D:10     | Reached skill level 10 in Fighting
 11941 | D:10     | Reached skill level 12 in Short Blades
 12094 | D:10     | Found a staircase to the Lair.
 12111 | Lair:1   | Entered Level 1 of the Lair of Beasts
 12114 | Lair:1   | Received a gift from Trog
 12153 | Lair:1   | Reached XP level 12. HP: 67/77 MP: 12/12
 12467 | Lair:1   | Received a gift from Trog
 12685 | Lair:1   | Reached skill level 13 in Short Blades
 13689 | Lair:2   | Received a gift from Trog
 13888 | Lair:2   | Reached skill level 14 in Short Blades
 15094 | Lair:3   | Reached XP level 13. HP: 82/84 MP: 13/13
 15484 | Lair:3   | Noticed a five-headed hydra
 15488 | Lair:3   | Killed a five-headed hydra
 15488 | Lair:3   | Reached skill level 15 in Short Blades
 15512 | Lair:3   | Noticed Snorg
 15530 | Lair:3   | Killed Snorg
 15961 | Lair:4   | Found a blossoming altar of Fedhas.
 16250 | Lair:4   | Found a hole to the Spider Nest.
 16262 | Spider:1 | Entered Level 1 of the Spider Nest
 16334 | Lair:4   | Noticed Sagrath01's ghost (powerful HEWr)
 16342 | Lair:4   | Killed Sagrath01's ghost
 16380 | Lair:4   | Upgraded the game from 0.17-a0-1871-gdc8eb4e to 0.17-a0-1882-g750edc8
 16732 | Lair:4   | Received a gift from Trog
 17926 | Lair:5   | Found a staircase to the Swamp.
 18303 | Lair:5   | Reached skill level 16 in Short Blades
 19174 | Lair:5   | Reached XP level 14. HP: 90/90 MP: 14/14
 20595 | Lair:6   | Got a distressingly furry scale mail
 20596 | Lair:6   | Identified the cursed +1 scale mail of the Five Stars {rElec rF+++ rN+ Stlth-} (You found it on level 6 of the Lair of Beasts)
 20617 | Lair:6   | Received a gift from Trog
 21752 | Lair:7   | Received a gift from Trog
 21897 | Lair:7   | Reached skill level 17 in Short Blades
 22325 | Lair:8   | Entered Level 8 of the Lair of Beasts
 22389 | Lair:8   | Received a gift from Trog
 22841 | Lair:8   | Received a gift from Trog
 23577 | Lair:8   | Found a viscous altar of Jiyva.
 23611 | Lair:8   | Found a staircase to the Slime Pits.
 24106 | Lair:8   | Received a gift from Trog
 24478 | Lair:8   | Reached skill level 18 in Short Blades
 25528 | D:11     | Noticed a seven-headed hydra
 25538 | D:11     | Killed a seven-headed hydra
 25677 | D:11     | Noticed a hill giant
 25677 | D:11     | Noticed a hill giant
 25691 | D:11     | Killed a hill giant
 25691 | D:11     | Reached XP level 15. HP: 97/97 MP: 15/15
 25698 | D:11     | Killed a hill giant
 26044 | D:11     | Received a gift from Trog
 26516 | D:12     | Noticed a hill giant
 26532 | D:12     | Killed a hill giant
 26748 | D:12     | Killed a green ugly thing
 26749 | D:12     | Found a staircase to the Orcish Mines.
 27120 | D:12     | Noticed a purple ugly thing
 27136 | D:12     | Killed a purple ugly thing
 27152 | D:12     | Noticed a hill giant
 27152 | D:12     | Noticed a red ugly thing
 27162 | D:12     | Killed a hill giant
 27171 | D:12     | Killed a red ugly thing
 27762 | D:12     | Killed Maud
 27762 | D:12     | Reached skill level 19 in Short Blades
 27978 | D:13     | Received a gift from Trog
 28613 | D:13     | Noticed Sonja
 28625 | D:13     | Cast into the Abyss (Sonja)
 28647 | Abyss:1  | Noticed a tentacled starspawn
 28661 | Abyss:1  | Paralysed by accursed screaming for 2 turns
 28663 | Abyss:1  | Killed from afar by a starcursed mass

Vault maps used:
D:1:      dpeg_arrival_windows_large_door
D:2:      lemuel_coloured_pillars_altar, uniq_terence
D:3:      grunt_temple_overflow_growth_and_decay, led_sif_pool, serial_forest,
          infiniplex_forest_lined_room_3, infiniplex_forest_clump_medium,
          infiniplex_forest_clump_cross, infiniplex_forest_zigzag_2,
          infiniplex_forest_clump_long, infiniplex_forest_straight_1,
          infiniplex_forest_straight_5, infiniplex_forest_fountain,
          uniq_crazy_yiuf_cottage, uniq_grinder
D:4:      zin_angel, minmay_temple_entry_water_ring
D:5:      serial_shops, shop, first_bread, okawaru_altar_gauntlet_db,
          uniq_edmund, uniq_blork_the_orc
D:6:      nicolae_ossuary_entry_giza, cheibrodos_ashenzari_chains
D:7:      serial_shops, kennysheep_mini, grunt_dithmenos_smoke
D:8:      amethyst_overflow_temple_binary, david_nohive_1
D:9:      uniq_erolcha, uniq_psyche, uniq_gastronok
D:10:     minmay_lair_entry_lava
D:12:     minmay_orc_entry_guard_dogs, lab_entry_generic, uniq_maud
D:13:     hangedman_abyss_or_decor_stabs, uniq_sonja, uniq_urug
Lair:1:   forest_paths
Lair:2:   beast_lair_carwin_5
Lair:3:   minmay_lair_oklob_chamber, serial_bayou_shore_a, lemuel_fruit_tree,
          lemuel_fruit_fields, uniq_snorg
Lair:4:   spider_nest_entry_funnel_web, basic_altar, serial_bayou_ford_a,
          minivault_24, minivault_23
Lair:5:   minmay_swamp_entry_worms, nicolae_volcano_entry_hallway,
          beast_lair_carwin_1, grunt_megastairs_2
Lair:6:   infiniplex_staircase_pool_2
Lair:7:   st_stairs_6
Lair:8:   grunt_lair_end_beastmaster, slime_altar_1, lemuel_fruit_fields

Action                   |  1- 3 |  4- 6 |  7- 9 | 10-12 | 13-15 || total
-------------------------+-------+-------+-------+-------+-------++-------
Melee: Mace              |    80 |    57 |       |       |       ||   137
       Quarterstaff      |       |    24 |    98 |       |       ||   122
       War axe           |       |       |     6 |       |       ||     6
       Rapier            |       |       |   218 |   801 |  1496 ||  2515
       Flail             |       |       |    16 |       |       ||    16
       Quick blade       |       |       |       |       |    26 ||    26
Throw: Tomahawk          |       |    11 |    74 |   154 |   217 ||   456
       Stone             |       |     2 |       |       |     5 ||     7
Invok: Berserk           |     2 |     3 |     8 |    18 |    29 ||    60
       Trog's Hand       |       |     1 |       |     1 |     1 ||     3
       Burn Spellbooks   |       |       |       |     1 |     1 ||     2
       Brothers in Arms  |       |       |       |     1 |     7 ||     8
Evoke: Wand              |       |       |       |       |     8 ||     8
       Fan of gales      |       |       |       |       |     1 ||     1
  Use: Scroll            |     4 |     4 |    11 |    13 |    15 ||    47
       Potion            |     3 |     1 |     9 |     8 |     3 ||    24
 Stab: Petrifying        |       |       |     1 |       |       ||     1
       Paralysed         |       |       |     1 |       |       ||     1
  Eat: Chunk             |    10 |     9 |    28 |    35 |    65 ||   147
       Meat ration       |       |       |       |     1 |       ||     1
       Pizza             |       |       |       |       |     2 ||     2
       Royal jelly       |       |       |       |       |     3 ||     3
